TOP OF THE 1ST |
Texas Longhorns batting - Pitching for Texas Christian Horned Frogs : RHP David Miller
|
Pitching: RHP David Miller
|
|
Batting: RHB Frank Music
|
0-0: Called Strike 0-1: Foul Ball, location: 2F 0-2: Foul Ball, location: 2F 0-2: Ball 1-2: Ball 2-2: Reached on error, E6 (Groundball, 6)
|
Batting: SHB Fabio Morán
|
0-0: Called Strike 0-1: Ball 1-1: Ball 2-1: Foul Ball, location: 2F 2-2: Foul Ball, location: 2F 2-2: Strikes out swinging
|
Batting: RHB Joe Rogers
|
0-0: Ball Frank Music steals 3rd base 1-0: Foul Ball, location: 2F 1-1: Ball 2-1: Ball 3-1: Ground out 5-3 (Groundball, 56) Frank Music scores
|
Batting: SHB Randy Anderson
|
0-0: Ball 1-0: Called Strike 1-1: Foul Ball, location: 2F 1-2: Strikes out swinging
|
Top of the 1st over - 1 run(s), 0 hit(s), 1 error(s), 0 left on base; Texas 1 - Texas Christian 0 |
BOTTOM OF THE 1ST |
Texas Christian Horned Frogs batting - Pitching for Texas Longhorns : RHP Luis Libán
|
Pitching: RHP Luis Libán
|
|
Batting: RHB Eric Adams
|
0-0: Called Strike 0-1: Swinging Strike 0-2: Hit by Pitch
|
Batting: RHB Jeff Byford
|
0-0: Ground out 5-3 (Groundball, 56S) Eric Adams to second
|
Batting: LHB Todd Gilliam
|
0-0: Foul Ball, location: 2F 0-1: Ball 1-1: Called Strike 1-2: Strikes out looking
|
Batting: RHB Brad Ravenshaw
|
0-0: Fly out, F7 (Line Drive, 7D)
|
Bottom of the 1st over - 0 run(s), 0 hit(s), 0 error(s), 1 left on base; Texas 1 - Texas Christian 0 |
TOP OF THE 2ND |
Texas Longhorns batting - Pitching for Texas Christian Horned Frogs : RHP David Miller
|
Batting: RHB Gabriel Byram
|
0-0: Foul Ball, location: 2F 0-1: Ball 1-1: Ball 2-1: Foul Ball, location: 2F 2-2: Ball 3-2: Foul Ball, location: 2F 3-2: Foul Ball, location: 2F 3-2: Strikes out looking
|
Batting: SHB Del McNeill
|
0-0: Called Strike 0-1: Foul Ball, location: 2F 0-2: Ground out 4-3 (Groundball, 4)
|
Batting: RHB Quentin Barker
|
0-0: Called Strike 0-1: Called Strike 0-2: Ball 1-2: Ball 2-2: Strikes out swinging
|
Top of the 2nd over - 0 run(s), 0 hit(s), 0 error(s), 0 left on base; Texas 1 - Texas Christian 0 |
BOTTOM OF THE 2ND |
Texas Christian Horned Frogs batting - Pitching for Texas Longhorns : RHP Luis Libán
|
Batting: SHB Ron Winston
|
0-0: Foul Ball, location: 2F 0-1: Foul Ball, location: 2F 0-2: Ball 1-2: Foul Ball, location: 2F 1-2: Foul Ball, location: 2F 1-2: SINGLE (Groundball, 6MD)
|
Batting: RHB Stan Webb
|
0-0: Ball 1-0: Ball 2-0: Ball 3-0: Called Strike 3-1: Base on Balls Ron Winston to second
|
Batting: LHB Axel Hall
|
0-0: Foul Ball, location: 2F 0-1: Ball 1-1: Foul Ball, location: 2F 1-2: Foul Ball, location: 2F 1-2: Foul Ball, location: 2F 1-2: Foul Ball, location: 2F 1-2: Strikes out swinging
|
Batting: RHB Parker Gonzáles
|
0-0: Ball 1-0: Called Strike 1-1: Fly out, F8 (Flyball, 8LS)
|
Batting: SHB Pete Fields
|
0-0: Called Strike 0-1: Called Strike 0-2: Strikes out swinging
|
Bottom of the 2nd over - 0 run(s), 1 hit(s), 0 error(s), 2 left on base; Texas 1 - Texas Christian 0 |
TOP OF THE 3RD |
Texas Longhorns batting - Pitching for Texas Christian Horned Frogs : RHP David Miller
|
Batting: SHB Dave Hickman
|
0-0: Ball 1-0: Foul Ball, location: 2F 1-1: Ball 2-1: Swinging Strike 2-2: Fly out, F9 (Flyball, 89M)
|
Batting: RHB William Gilmore
|
0-0: Foul Ball, location: 2F 0-1: Ground out 6-3 (Groundball, 6S)
|
Batting: RHB Frank Music
|
0-0: Ball 1-0: Ball 2-0: Called Strike 2-1: Swinging Strike 2-2: Foul Ball, location: 2F 2-2: SINGLE (Flyball, 34D)
|
Batting: SHB Fabio Morán
|
0-0: Ball 1-0: Ball 2-0: Swinging Strike 2-1: Ball 3-1: Called Strike 3-2: Strikes out looking
|
Top of the 3rd over - 0 run(s), 1 hit(s), 0 error(s), 1 left on base; Texas 1 - Texas Christian 0 |
BOTTOM OF THE 3RD |
Texas Christian Horned Frogs batting - Pitching for Texas Longhorns : RHP Luis Libán
|
Batting: RHB Eric Adams
|
0-0: Called Strike 0-1: Ground out 6-3 (Groundball, 6)
|
Batting: RHB Jeff Byford
|
0-0: Ball 1-0: Ball 2-0: Foul Ball, location: 2F 2-1: Ball 3-1: Fly out, F3 (Popup, 3L)
|
Batting: LHB Todd Gilliam
|
0-0: Called Strike 0-1: Foul Ball, location: 2F 0-2: Foul Ball, location: 2F 0-2: Foul Ball, location: 2F 0-2: Ball 1-2: Foul Ball, location: 2F 1-2: Foul Ball, location: 2F 1-2: Foul Ball, location: 2F 1-2: Foul Ball, location: 2F 1-2: Strikes out swinging
|
Bottom of the 3rd over - 0 run(s), 0 hit(s), 0 error(s), 0 left on base; Texas 1 - Texas Christian 0 |
TOP OF THE 4TH |
Texas Longhorns batting - Pitching for Texas Christian Horned Frogs : RHP David Miller
|
Batting: RHB Joe Rogers
|
0-0: Ball 1-0: Ball 2-0: Ground out 6-3 (Groundball, 6S)
|
Batting: SHB Randy Anderson
|
0-0: Foul Ball, location: 2F 0-1: Swinging Strike 0-2: Ball 1-2: Ball 2-2: SINGLE (Groundball, 3D)
|
Batting: RHB Gabriel Byram
|
0-0: Ball Randy Anderson steals 2nd base 1-0: Ball 2-0: Ball 3-0: Called Strike 3-1: Foul Ball, location: 2F 3-2: Foul Ball, location: 2F 3-2: Base on Balls
|
Batting: SHB Del McNeill
|
0-0: Ball 1-0: Fly out, F8 (Flyball, 8RM)
|
Batting: RHB Quentin Barker
|
0-0: Ball 1-0: Foul Ball, location: 2F 1-1: Swinging Strike 1-2: Ball 2-2: Ball 3-2: DOUBLE (Line Drive, 89M) Randy Anderson scores Gabriel Byram to third Gabriel Byram scores
|
Batting: SHB Dave Hickman
|
0-0: Swinging Strike 0-1: Ball 1-1: Ball 2-1: Ball 3-1: Foul Ball, location: 2F 3-2: Hit by Pitch
|
Pitching: LHP Pat Kirby
|
|
Batting: RHB William Gilmore
|
0-0: Fly out, F6 (Popup, 6)
|
Top of the 4th over - 2 run(s), 2 hit(s), 0 error(s), 2 left on base; Texas 3 - Texas Christian 0 |
BOTTOM OF THE 4TH |
Texas Christian Horned Frogs batting - Pitching for Texas Longhorns : RHP Luis Libán
|
Batting: RHB Brad Ravenshaw
|
0-0: Swinging Strike 0-1: Ball 1-1: Called Strike 1-2: Ball 2-2: Ball 3-2: Strikes out swinging
|
Batting: SHB Ron Winston
|
0-0: Ball 1-0: Fly out, F8 (Flyball, 8RD)
|
Batting: RHB Stan Webb
|
0-0: Ground out 6-3 (Groundball, 6)
|
Bottom of the 4th over - 0 run(s), 0 hit(s), 0 error(s), 0 left on base; Texas 3 - Texas Christian 0 |
TOP OF THE 5TH |
Texas Longhorns batting - Pitching for Texas Christian Horned Frogs : LHP Pat Kirby
|
Batting: RHB Frank Music
|
0-0: Ball 1-0: Swinging Strike 1-1: Bunt for hit - play at first, batter OUT! 1-3
|
Batting: SHB Fabio Morán
|
0-0: Fly out, F8 (Line Drive, 8LD)
|
Batting: RHB Joe Rogers
|
0-0: Called Strike 0-1: Called Strike 0-2: Strikes out looking
|
Top of the 5th over - 0 run(s), 0 hit(s), 0 error(s), 0 left on base; Texas 3 - Texas Christian 0 |
BOTTOM OF THE 5TH |
Texas Christian Horned Frogs batting - Pitching for Texas Longhorns : RHP Luis Libán
|
Batting: LHB Axel Hall
|
0-0: Ball 1-0: Ball 2-0: Ground out 6-3 (Groundball, 6)
|
Batting: RHB Parker Gonzáles
|
0-0: Ball 1-0: Called Strike 1-1: Called Strike 1-2: Ball 2-2: SINGLE (Line Drive, 4D)
|
Batting: SHB Pete Fields
|
0-0: Ball 1-0: Called Strike 1-1: SINGLE (Groundball, 6D) Parker Gonzáles to second
|
Batting: RHB Eric Adams
|
0-0: SINGLE (Flyball, 8RS) Parker Gonzáles to third Pete Fields to second Runner from 3rd tries for Home, SAFE, no throw
|
Batting: RHB Jeff Byford
|
0-0: Ball 1-0: Ball 2-0: Ball 3-0: Called Strike 3-1: Base on Balls Pete Fields to third Eric Adams to second
|
Batting: LHB Todd Gilliam
|
0-0: Ball 1-0: Foul Ball, location: 2F 1-1: Called Strike 1-2: Foul Ball, location: 2F 1-2: Ball 2-2: Ball 3-2: Fly out, F3 (Popup, 3)
|
Pitching: LHP Tim Morrison
|
|
Batting: RHB Brad Ravenshaw
|
0-0: Ball 1-0: Swinging Strike 1-1: Foul Ball, location: 2F 1-2: Ball 2-2: Ground out 4-3 (Groundball, 4M)
|
Bottom of the 5th over - 1 run(s), 3 hit(s), 0 error(s), 3 left on base; Texas 3 - Texas Christian 1 |
TOP OF THE 6TH |
Texas Longhorns batting - Pitching for Texas Christian Horned Frogs : LHP Pat Kirby
|
Batting: SHB Randy Anderson
|
0-0: Ball 1-0: Ball 2-0: Ball 3-0: Base on Balls
|
Batting: RHB Gabriel Byram
|
0-0: Ball Randy Anderson is caught stealing 2nd base 1-0: Ball 2-0: Called Strike 2-1: Ball 3-1: Foul Ball, location: 2F 3-2: Base on Balls
|
Batting: SHB Del McNeill
|
0-0: Swinging Strike 0-1: Ball 1-1: Ball 2-1: Foul Ball, location: 2F 2-2: Strikes out swinging Gabriel Byram is caught stealing 2nd base Batter strikes out.
|
Top of the 6th over - 0 run(s), 0 hit(s), 0 error(s), 0 left on base; Texas 3 - Texas Christian 1 |
BOTTOM OF THE 6TH |
Texas Christian Horned Frogs batting - Pitching for Texas Longhorns : LHP Tim Morrison
|
Batting: SHB Ron Winston
|
0-0: Called Strike 0-1: Called Strike 0-2: Foul Ball, location: 2F 0-2: Foul Ball, location: 2F 0-2: Ball 1-2: Foul Ball, location: 2F 1-2: Strikes out swinging
|
Batting: RHB Stan Webb
|
0-0: Ground out 4-3 (Groundball, 4)
|
Batting: LHB Axel Hall
|
0-0: Called Strike 0-1: Ball 1-1: Ball 2-1: Called Strike 2-2: Strikes out looking
|
Bottom of the 6th over - 0 run(s), 0 hit(s), 0 error(s), 0 left on base; Texas 3 - Texas Christian 1 |
TOP OF THE 7TH |
Texas Longhorns batting - Pitching for Texas Christian Horned Frogs : LHP Pat Kirby
|
Batting: RHB Quentin Barker
|
0-0: Ball 1-0: Ball 2-0: Foul Ball, location: 2F 2-1: Ball 3-1: Fly out, F7 (Flyball, 7)
|
Batting: SHB Dave Hickman
|
0-0: Called Strike 0-1: Fly out, F7 (Flyball, 7)
|
Batting: RHB William Gilmore
|
0-0: Called Strike 0-1: Ball 1-1: Foul Ball, location: 2F 1-2: Foul Ball, location: 2F 1-2: Ground out 6-3 (Groundball, 56)
|
Top of the 7th over - 0 run(s), 0 hit(s), 0 error(s), 0 left on base; Texas 3 - Texas Christian 1 |
BOTTOM OF THE 7TH |
Texas Christian Horned Frogs batting - Pitching for Texas Longhorns : LHP Tim Morrison
|
Batting: RHB Parker Gonzáles
|
0-0: Ball 1-0: Called Strike 1-1: Ground out 4-3 (Groundball, 4)
|
Batting: SHB Pete Fields
|
0-0: Called Strike 0-1: Called Strike 0-2: Strikes out swinging
|
Batting: RHB Eric Adams
|
0-0: SINGLE (Groundball, 6MD)
|
Batting: RHB Jeff Byford
|
0-0: Swinging Strike 0-1: Ball 1-1: Fly out, F5 (Popup, 56S)
|
Bottom of the 7th over - 0 run(s), 1 hit(s), 0 error(s), 1 left on base; Texas 3 - Texas Christian 1 |
TOP OF THE 8TH |
Texas Longhorns batting - Pitching for Texas Christian Horned Frogs : LHP Pat Kirby
|
Batting: RHB Frank Music
|
0-0: Foul Ball, location: 2F 0-1: Called Strike 0-2: Ball 1-2: Ball 2-2: Ball 3-2: TRIPLE (Flyball, 8RM)
|
Batting: SHB Fabio Morán
|
0-0: Swinging Strike 0-1: Ball 1-1: Foul Ball, location: 2F 1-2: Strikes out swinging
|
Batting: RHB Joe Rogers
|
0-0: Intentional Walk
|
Batting: SHB Randy Anderson
|
0-0: Ball 1-0: Swinging Strike 1-1: Swinging Strike 1-2: Hit by Pitch Joe Rogers to second
|
Batting: RHB Gabriel Byram
|
0-0: Ball 1-0: Ball 2-0: Ball 3-0: Called Strike 3-1: Base on Balls Frank Music scores Joe Rogers to third Randy Anderson to second
|
Pitching: LHP John Perkins
|
|
Batting: SHB Del McNeill
|
0-0: Foul Ball, location: 2F 0-1: Foul Ball, location: 2F 0-2: Ball 1-2: Ball 2-2: Ball 3-2: Strikes out swinging
|
Pinch Hitting: RHB Bob Cooper
|
0-0: Ball 1-0: Foul Ball, location: 2F 1-1: Ball 2-1: Called Strike 2-2: Foul Ball, location: 2F 2-2: SINGLE (Groundball, 56D) Joe Rogers scores Randy Anderson to third Gabriel Byram to second Runner from 3rd tries for Home, SAFE, no throw
|
Batting: SHB Dave Hickman
|
0-0: Fielders Choice at 2nd, 6-4 (Groundball, 6)
|
Top of the 8th over - 3 run(s), 2 hit(s), 0 error(s), 1 left on base; Texas 6 - Texas Christian 1 |
BOTTOM OF THE 8TH |
Texas Christian Horned Frogs batting - Pitching for Texas Longhorns : LHP Tim Morrison
|
Now in RF: Bob Cooper
|
|
Batting: LHB Todd Gilliam
|
0-0: Ball 1-0: Ball 2-0: Called Strike 2-1: Foul Ball, location: 2F 2-2: Ball 3-2: Fly out, F8 (Flyball, 8RM)
|
Batting: RHB Brad Ravenshaw
|
0-0: Ball 1-0: Ground out 5-3 (Groundball, 56)
|
Batting: SHB Ron Winston
|
0-0: Ball 1-0: Swinging Strike 1-1: Ball 2-1: Ball 3-1: Swinging Strike 3-2: Strikes out looking
|
Bottom of the 8th over - 0 run(s), 0 hit(s), 0 error(s), 0 left on base; Texas 6 - Texas Christian 1 |
TOP OF THE 9TH |
Texas Longhorns batting - Pitching for Texas Christian Horned Frogs : LHP John Perkins
|
Pitching: LHP Pat Sanderson
|
|
Batting: RHB William Gilmore
|
0-0: Ball 1-0: Ball 2-0: Ball 3-0: Swinging Strike 3-1: Fly out, F1 (Line Drive, 13S)
|
Batting: RHB Frank Music
|
0-0: Ball 1-0: Called Strike 1-1: Foul Ball, location: 2F 1-2: Ball 2-2: Ball 3-2: Foul Ball, location: 2F 3-2: Base on Balls
|
Batting: SHB Fabio Morán
|
0-0: Called Strike 0-1: Swinging Strike 0-2: SINGLE (Line Drive, 7LS) Frank Music to second
|
Batting: RHB Joe Rogers
|
0-0: Ball 1-0: Ball 2-0: DOUBLE (Line Drive, 89M) Frank Music scores Fabio Morán to third
|
Batting: SHB Randy Anderson
|
0-0: Called Strike 0-1: Foul Ball, location: 2F 0-2: Ball 1-2: Foul Ball, location: 2F 1-2: Fly out, F7 (Flyball, 78S)
|
Batting: RHB Gabriel Byram
|
0-0: Ball 1-0: Ball 2-0: Fly out, F8 (Flyball, 8RD)
|
Top of the 9th over - 1 run(s), 2 hit(s), 0 error(s), 2 left on base; Texas 7 - Texas Christian 1 |
BOTTOM OF THE 9TH |
Texas Christian Horned Frogs batting - Pitching for Texas Longhorns : LHP Tim Morrison
|
Batting: RHB Stan Webb
|
0-0: SOLO HOME RUN (Flyball, 7D), Distance : 409 ft
|
Pitching: RHP Lee Dailey
|
|
Batting: LHB Axel Hall
|
0-0: Swinging Strike 0-1: Foul Ball, location: 2F 0-2: Ball 1-2: Foul Ball, location: 2F 1-2: Foul Ball, location: 2F 1-2: Strikes out swinging
|
Batting: RHB Parker Gonzáles
|
0-0: Called Strike 0-1: Ball 1-1: Fly out, F9 (Line Drive, 9)
|
Batting: SHB Pete Fields
|
0-0: Foul Ball, location: 2F 0-1: Foul Ball, location: 2F 0-2: Strikes out swinging
|
Bottom of the 9th over - 1 run(s), 1 hit(s), 0 error(s), 0 left on base; Texas 7 - Texas Christian 2 |
|